 Dungeon Crawl Stone Soup version 0.21-a0-84-g85d6d27 (webtiles) character file.

6140 FrankyJ the Covert (level 10, -4/66 HPs)
             Began as an Octopode Transmuter on July 3, 2017.
             Was an Elder of Dithmenos.
             Slain by a yak (12 damage)
             ... on level 11 of the Dungeon on July 5, 2017.
             The game lasted 00:42:17 (10552 turns).

FrankyJ the Covert (Octopode Transmuter)           Turns: 10552, Time: 00:42:18

Health: -4/66      AC:  1    Str: 14    XL:     10   Next: 90%
Magic:  21/22      EV: 13    Int: 15    God:    Dithmenos [****..]
Gold:   436        SH:  0    Dex: 12    Spells: 7/25 levels left

rFire    . . .     SeeInvis .   i - +5 dagger
rCold    . . .     Gourm    .   (no shield)
rNeg     . . .     Faith    .   (helmet restricted)
rPois    +         Spirit   .   s - amulet of regeneration
rElec    .         Reflect  .   q - ring of poison resistance
rCorr    .         Harm     .   (no ring)
MR       .....                  (no ring)
Stlth    ++++++++..             (no ring)
HPRegen  0.61/turn              (no ring)
MPRegen  0.18/turn              (no ring)
                                (no ring)
                                (no ring)

@: wreathed by umbra, drained
A: almost no armour, stealthy swim, amphibious, 8 rings, constrict 8, camouflage
1, gelatinous body 1
a: Shadow Step, Renounce Religion


You were on level 11 of the Dungeon.
You worshipped Dithmenos.
Dithmenos was greatly pleased with you.
You were not hungry.

You visited 2 branches of the dungeon, and saw 12 of its levels.

You collected 436 gold pieces.

Inventory:

Hand Weapons
 i - a +5 dagger (weapon)
 l - a +0 dagger
 r - a +0 rapier
 E - a +2 short sword of protection
 H - a +0 trident
Missiles
 a - 224 arrows
 t - 19 tomahawks (quivered)
Magical Staves
 B - an uncursed staff of poison
Jewellery
 q - a ring of poison resistance (left tentacle)
 s - an amulet of regeneration (around mantle)
Wands
 o - a wand of disintegration (20/24)
Scrolls
 e - a scroll of blinking
 f - 2 scrolls of recharging
 g - 5 scrolls of identify
 n - 5 scrolls of teleportation
 x - 2 scrolls of fog
 y - 3 scrolls of enchant armour
 J - a scroll of remove curse
Potions
 d - 2 potions of magic
 h - a potion of brilliance {unknown}
 k - a potion of flight {unknown}
 m - 2 potions of haste
 p - 5 potions of curing
 u - a potion of mutation {unknown}
 v - a potion of ambrosia {unknown}
 w - 3 potions of heal wounds {unknown}
 z - 2 potions of might {unknown}
 A - a potion of berserk rage {unknown}
 C - a potion of lignification {unknown}
 L - a potion of resistance {unknown}
Books
 b - a book of Changes

   Spells                             Type                      Level
   a - Beastly Appendage              Transmutation                1
   b - Sticks to Snakes               Transmutation                2
   c - Spider Form                    Transmutation/Poison         3
   d - Ice Form                       Ice/Transmutation            4
   e - Blade Hands                    Transmutation                5
 D - a book of Cantrips

   Spells                             Type                      Level
   a - Confusing Touch                Hexes                        1
   b - Animate Skeleton               Necromancy                   1
   c - Summon Small Mammal            Summoning                    1
   d - Apportation                    Translocation                1
 G - a book of Misfortune

   Spells                             Type                      Level
   a - Confusing Touch                Hexes                        1
   b - Confuse                        Hexes                        3
   c - Gell's Gravitas                Translocation                3
   d - Petrify                        Transmutation/Earth          4
   e - Metabolic Englaciation         Hexes/Ice                    5
   f - Yara's Violent Unravelling     Hexes/Transmutation          5
 K - a book of Maledictions

   Spells                             Type                      Level
   a - Corona                         Hexes                        1
   b - Ensorcelled Hibernation        Hexes/Ice                    2
   c - Confuse                        Hexes                        3
   d - Tukima's Dance                 Hexes                        3
   e - Dazzling Spray                 Conjuration/Hexes            3
Comestibles
 c - 13 bread rations
 j - 3 fruits
 F - 3 chunks of flesh


   Skills:
 - Level 5.2 Fighting
 - Level 2.0(1.9) Dodging
 - Level 11.1 Stealth
 - Level 3.0(2.9) Unarmed Combat
 + Level 8.1 Spellcasting
 - Level 4.4(4.3) Hexes
 - Level 7.2 Transmutations
 - Level 2.0(1.9) Ice Magic
 - Level 5.0 Poison Magic


You had 7 spell levels left.
You knew the following spells:

 Your Spells              Type           Power        Failure   Level  Hunger
a - Beastly Appendage     Tmut           ####..       1%          1    None
b - Sticks to Snakes      Tmut           ####....     1%          2    None
c - Spider Form           Tmut/Pois      ###.......   2%          3    ##.....
d - Blade Hands           Tmut           ####......   17%         5    #####..
e - Ice Form              Ice/Tmut       ###.....     19%         4    ####...
f - Confuse               Hex            ###.....     6%          3    ##.....


Dungeon Overview and Level Annotations

Branches:
Dungeon (11/15)            Temple (1/1) D:6            Lair (0/6) D:8
    Orc: D:9-12

Altars:
Dithmenos
Fedhas
Kikubaaqudgha
Nemelex Xobeh
Okawaru
Qazlal
Ru
Sif Muna

Shops:
D:6 =   D:9 *

Annotations:
D:8 THUG4L1F3's ghost, novice HOFi


Innate Abilities, Weirdness & Mutations

You cannot wear most types of armour.
You are very stealthy in the water. (Stealth+)
You are amphibious.
You can wear up to eight rings at the same time.
You can use your tentacles to constrict eight enemies at once.
Your skin changes colour to match your surroundings (Stealth+).
Your rubbery body absorbs attacks. (AC +1, EV +1)


Message History

The yak gores you!
There is a stone staircase leading down here.
The yak gores you. The yak closely misses you.
You climb downwards. 6 yaks come into view.
Found 20 stones.
Found an escape hatch in the ceiling.
There is a stone staircase leading up here.
You puncture the yak!
You kill the yak!
Dithmenos accepts your kill.
Your Spellcasting skill increases to level 8!
The yak closely misses you. The yak gores you!
The yak bellows! x3
The yak moves out of view.
You hit the yak.
The yak is lightly wounded.
The yak gores you!
* * * LOW HITPOINT WARNING * * *
The yak gores you!
You die...

#########
#.......#
#.......#
#.......#####
#(......#....
#.....Y...#
#....Y..#
#...†YYY###
#....Y@Y..#
#########.# #


You could see 7 yaks.

Vanquished Creatures
  A centaur skeleton (D:10)
  Prince Ribbit (D:5)
  A hippogriff (D:9)
  A spriggan (D:9)
  A yak (D:11)
  A wyvern (D:6)
  Menkaure (D:5)
  3 orc warriors
  An ice beast (D:9)
  2 sky beasts
  A black bear (D:8)
  2 phantoms
  11 ogres
  2 centaurs
  A crocodile (D:9)
  Blork the orc (D:4)
  7 bullfrogs
  5 killer bees (D:10)
  2 water moccasin skeletons
  4 scorpions
  10 wights
  2 howler monkeys
  2 centaur zombies
  A crimson imp (D:5)
  A bullfrog zombie (D:10)
  A quasit (D:10)
  4 hounds
  Crazy Yiuf (D:4)
  2 bullfrog skeletons
  6 orc priests
  3 jellies
  4 iguanas
  5 worker ants
  8 orc wizards
  A hound zombie (D:6)
  A hound skeleton (D:5)
  3 worker ant zombies
  14 adders
  2 shadow imps
  An ooze (D:5)
  2 worms
  3 adder skeletons
  4 dart slugs
  4 leopard geckos
  48 orcs
  5 giant cockroaches
  8 goblins
  6 jackals
  2 kobolds
  6 quokkas
  2 ball pythons
  4 bats
  6 frilled lizards
  A leopard gecko skeleton (D:5)
  A quokka skeleton (D:5)
  5 rats
228 creatures vanquished.

Vanquished Creatures (collateral kills)
  An orc wizard (D:3)
1 creature vanquished.

Grand Total: 229 creatures vanquished

Notes
Turn   | Place    | Note
-------+----------+-------------------------------------------
     0 | D:1      | FrankyJ the Octopode Transmuter began the quest for the Orb.
     0 | D:1      | Reached XP level 1. HP: 13/13 MP: 3/3
   281 | D:1      | Reached XP level 2. HP: 18/18 MP: 5/5
   628 | D:2      | Reached skill level 1 in Stealth
   884 | D:2      | Learned a level 2 spell: Sticks to Snakes
   893 | D:2      | Reached XP level 3. HP: 15/24 MP: 2/7
  1190 | D:2      | Reached skill level 2 in Stealth
  1217 | D:2      | Reached XP level 4. HP: 20/29 MP: 5/8
  1630 | D:2      | Learned a level 3 spell: Spider Form
  1926 | D:2      | Reached skill level 3 in Stealth
  2210 | D:3      | Reached skill level 1 in Poison Magic
  2327 | D:3      | Reached XP level 5. HP: 29/35 MP: 9/9
  2823 | D:4      | Reached XP level 6. HP: 36/42 MP: 7/10
  2955 | D:4      | Noticed Blork the orc
  2965 | D:4      | Killed Blork the orc
  2965 | D:4      | Reached skill level 5 in Poison Magic
  3024 | D:4      | Found a shadowy altar of Dithmenos.
  3044 | D:4      | Became a worshipper of Dithmenos the Shadowed
  3410 | D:4      | You fall through a shaft!
  3410 | D:5      | Entered Level 5 of the Dungeon
  3415 | D:5      | Found a sparkling altar of Nemelex Xobeh.
  3461 | D:5      | Noticed Prince Ribbit
  3467 | D:5      | Reached XP level 7. HP: 46/46 MP: 9/12
  3476 | D:5      | Killed Prince Ribbit
  3476 | D:5      | Reached skill level 5 in Spellcasting
  3719 | D:4      | Found a runed door.
  4045 | D:4      | Noticed Crazy Yiuf
  4059 | D:4      | Killed Crazy Yiuf
  4074 | D:4      | Reached * piety under Dithmenos
  4221 | D:5      | Reached XP level 8. HP: 30/52 MP: 9/15
  4443 | D:5      | Reached skill level 5 in Transmutations
  4655 | D:4      | Learned a level 5 spell: Blade Hands
  4660 | D:4      | Learned a level 4 spell: Ice Form
  4686 | D:5      | Noticed Menkaure
  4699 | D:5      | Killed Menkaure
  4857 | D:5      | Reached skill level 4 in Stealth
  5040 | D:6      | Reached skill level 5 in Stealth
  5319 | D:6      | Reached skill level 6 in Stealth
  5338 | D:7      | Reached ** piety under Dithmenos
  5348 | D:7      | Reached skill level 7 in Stealth
  5471 | D:6      | Reached XP level 9. HP: 52/57 MP: 13/16
  5476 | D:6      | Reached skill level 8 in Stealth
  5524 | D:6      | Found Calit's Jewellery Shoppe.
  5653 | D:6      | Learned a level 3 spell: Confuse
  5692 | D:6      | Reached skill level 9 in Stealth
  5694 | D:6      | Found a staircase to the Ecumenical Temple.
  5702 | Temple   | Entered the Ecumenical Temple
  5896 | D:6      | Reached skill level 10 in Stealth
  6151 | D:7      | Reached skill level 11 in Stealth
  6334 | D:7      | Reached skill level 1 in Ice Magic
  6484 | D:7      | Reached skill level 1 in Hexes
  6804 | D:8      | Reached *** piety under Dithmenos
  6929 | D:8      | Found an iron altar of Okawaru.
  7153 | D:8      | Noticed a two-headed ogre
  7513 | D:8      | Found a stormy altar of Qazlal.
  7515 | D:8      | Reached XP level 10. HP: 63/63 MP: 18/18
  7740 | D:8      | Found a staircase to the Lair.
  8026 | D:8      | Noticed THUG4L1F3's ghost (novice HOFi)
  8329 | D:6      | Reached skill level 5 in Fighting
  8619 | D:9      | Found Unonti's Assorted Antiques.
  8657 | D:9      | Found a deep blue altar of Sif Muna.
  9667 | D:10     | Entered Level 10 of the Dungeon
 10262 | D:10     | Reached **** piety under Dithmenos
 10552 | D:11     | Slain by a yak

Vault maps used:
D:1:      scummos_arrival_simple_crosswalls, serial_park_tiny_2
D:2:      first_bread
D:4:      grunt_dithmenos_shadows, hangedman_glass_teeth, uniq_blork_the_orc,
          uniq_crazy_yiuf_cottage
D:5:      serial_glass, glass_columns_a, glass_columns_b, feat_on_display,
          item_on_display_a, nemelex_diamond_rough_becter, uniq_menkaure,
          uniq_prince_ribbit1
D:6:      minmay_temple_entry_mist, serial_shops, shop
D:7:      st_stairs_14, minmay_checkerbox
D:8:      grunt_qazlal_clouds, nicolae_overflow_hidden_temple, lair_entry_dummy
D:9:      overflow_temple_1_default, serial_shops, shop, the_bakery
D:11:     zombieorc1_lemuel, minmay_misc_feat_roman, minivault_14,
          tso_metal_star
Temple:   compressed_dpeg_circular_temple

Skill      XL: |  1  2  3  4  5  6  7  8  9 10 |
---------------+-------------------------------+-----
Stealth        | 1 2 3 7 11 | 11.1
Fighting       | 2 3 5 |  5.2
Spellcasting   | 3 5 8 |  8.1
Poison Magic   | 2 3 5 |  5.0
Transmutations | 4 6 7 |  7.2
Ice Magic      | 2 |  2.0
Hexes          | 4 |  4.4
Dodging        | |  2.0
Unarmed Combat | |  3.0

Action                   |  1- 3 |  4- 6 |  7- 9 | 10-12 || total
-------------------------+-------+-------+-------+-------++-------
Melee: Unarmed           |    10 |    70 |   288 |   109 ||   477
       Constrict         |    12 |    15 |    11 |    19 ||    57
       Dagger            |    29 |    15 |    57 |    52 ||   153
       Tentacles         |     7 |    13 |     8 |    13 ||    41
       Kick              |     6 |     7 |     8 |     2 ||    23
       Punch             |     1 |       |       |     3 ||     4
       Rapier            |       |    53 |     2 |       ||    55
Throw: Tomahawk          |       |       |       |     4 ||     4
 Cast: Beastly Appendage |     9 |     6 |     4 |     1 ||    20
       Sticks to Snakes  |     4 |     3 |     2 |       ||     9
       Spider Form       |       |    14 |    34 |     9 ||    57
       Confuse           |       |       |     3 |       ||     3
       Blade Hands       |       |       |     1 |    10 ||    11
       Ice Form          |       |       |       |     3 ||     3
 Abil: End Transformatio |       |       |       |     1 ||     1
  Use: Scroll            |       |    10 |     8 |     1 ||    19
       Potion            |       |       |     1 |       ||     1
 Stab: Sleeping          |     3 |     8 |    23 |    18 ||    52
       Distracted        |       |     1 |     2 |     2 ||     5
  Eat: Chunk             |     1 |     9 |    16 |    14 ||    40
       Royal jelly       |       |       |       |     1 ||     1
Armor: Skin              |     5 |    14 |     7 |     7 ||    33
Dodge: Dodged            |    24 |    87 |   296 |   129 ||   536
